 Dungeon Crawl Stone Soup version 0.21.1-1-g345015f (webtiles) character file.

91 suicidejoker the Insei (level 4, -1/31 HPs)
             Began as an Octopode Monk on Apr 20, 2018.
             Splashed by a jelly's acid (7 damage)
             ... on level 2 of the Dungeon.
             The game lasted 00:02:23 (1732 turns).

suicidejoker the Insei (Octopode Monk)              Turns: 1732, Time: 00:02:23

Health: -1/31      AC: -7    Str: 11    XL:     4   Next: 59%
Magic:  4/4        EV: 15    Int: 12    God:
Gold:   70         SH:  0    Dex: 19    Spells: 3/3 levels left

rFire    . . .     SeeInvis .     - Unarmed
rCold    . . .     Gourm    .   (no shield)
rNeg     . . .     Faith    .   (helmet restricted)
rPois    .         Spirit   .   (no amulet)
rElec    .         Reflect  .   f - +5 ring of dexterity
rCorr    .         Harm     .   (no ring)
MR       .....                  (no ring)
Stlth    ++++......             (no ring)
HPRegen  0.10/turn              (no ring)
MPRegen  0.09/turn              (no ring)
                                (no ring)
                                (no ring)

@: corroded
A: almost no armour, stealthy swim, amphibious, 8 rings, constrict 8, camouflage
1, gelatinous body 1
a: no special abilities


You were on level 2 of the Dungeon.
You were hungry.

You visited 1 branch of the dungeon, and saw 2 of its levels.

You collected 70 gold pieces.

Inventory:

Hand Weapons
 m - a +2 mace of crushing
Missiles
 g - 9 poisoned needles
 k - 25 bolts
Jewellery
 f - a +5 ring of dexterity (left tentacle)
Scrolls
 b - 6 scrolls of identify {unknown}
 h - a scroll of enchant armour {unknown}
 i - a scroll of fog {unknown}
 l - 2 scrolls of teleportation {unknown}
 o - a scroll of magic mapping {unknown}
 p - a scroll of immolation {unknown}
Potions
 c - 3 potions of curing {unknown}
 d - a potion of mutation {unknown}
 e - a potion of haste {unknown}
 j - a potion of might {unknown}
 n - 3 potions of flight {unknown}
Comestibles
 a - 4 rations


   Skills:
 + Level 3.5 Fighting
 + Level 3.5 Dodging
 + Level 3.9 Stealth
 * Level 4.0 Unarmed Combat


You had 3 spell levels left.
You didn't know any spells.

Dungeon Overview and Level Annotations

Branches:
Dungeon (2/15)

Altars:
Vehumet


Innate Abilities, Weirdness & Mutations

You cannot wear most types of armour.
You are very stealthy in the water. (Stealth+)
You are amphibious.
You can wear up to eight rings at the same time.
You can use your tentacles to constrict eight enemies at once.
Your skin changes colour to match your surroundings (Stealth+).
Your rubbery body absorbs attacks. (AC +1, EV +1)


Message History

The jelly closely misses you.
The goblin throws a stone.
The stone barely misses you.
The worker ant twitches its antennae in your direction.
You tentacle-slap the jelly.
Your tentacles burn!
You squeeze the jelly.
The jelly is severely wounded.
The jelly closely misses you.
The goblin throws a stone.
The stone misses you.
You tentacle-slap the jelly.
Your tentacles burn!
The jelly is almost dead.
The jelly hits you.
You are splashed with acid!
The acid burns!
The goblin throws a stone.
The stone closely misses you.
You tentacle-slap the jelly but do no damage.
The acid corrodes you!
Your tentacles burn!
* * * LOW HITPOINT WARNING * * *
The jelly is almost dead.
The jelly misses you.
You enter the transporter and appear at another place.
The jelly hits you.
* * * LOW HITPOINT WARNING * * *
You are splashed with acid!
The acid burns!
You die...

#.# ############.##
##.............#
####..#########...#
.....##...§...##..#
####.#8$#..†#.8#..##
##.#...#.#...#...#
##..#...a..$g.#...#
##..©#..©....$_#@..#
.....#.........#.J##
.###.#...#.#...#.##
.# #.#8.#.$.#.8#.#
.# #.##.......##.#
.# #..#########..#
.# ##...........##
.# ############# .#


You could see a jelly, a worker ant and a goblin.

Vanquished Creatures
  3 adders (D:2)
  A worm (D:2)
  2 dart slugs
  4 leopard geckos
  8 bats
  3 giant cockroaches (D:1)
  3 goblins
  8 hobgoblins
  6 jackals (D:2)
  3 frilled lizards
  5 kobolds
  3 rats
49 creatures vanquished.

Notes
Turn   | Place    | Note
-------+----------+-------------------------------------------
     0 | D:1      | suicidejoker the Octopode Monk began the quest for the Orb.
     0 | D:1      | Reached XP level 1. HP: 16/16 MP: 1/1
   178 | D:1      | Reached XP level 2. HP: 21/21 MP: 2/2
   676 | D:1      | Reached XP level 3. HP: 26/26 MP: 3/3
  1281 | D:2      | Found a transporter.
  1281 | D:2      | Found a transporter.
  1370 | D:2      | Reached XP level 4. HP: 30/31 MP: 4/4
  1532 | D:2      | Found a radiant altar of Vehumet.
  1727 | D:2      | Reached skill level 4 in Unarmed Combat
  1732 | D:2      | Splashed by a jelly's acid

Skill      XL: |  1  2  3  4 |
---------------+-------------+-----
Stealth        | 3 |  3.9
Unarmed Combat | 4 |  4.0
Fighting       | |  3.5
Dodging        | |  3.5

Action                   |  1- 3 |  4- 6 || total
-------------------------+-------+-------++-------
Melee: Unarmed           |    76 |    22 ||    98
       Constrict         |    27 |     3 ||    30
       Tentacles         |    20 |     5 ||    25
       Punch             |     2 |     1 ||     3
 Stab: Sleeping          |     8 |     3 ||    11
  Eat: Chunk             |     1 |     1 ||     2
Armor: Skin              |     9 |     1 ||    10
Dodge: Dodged            |    58 |    15 ||    73
